 Dungeon Crawl Stone Soup version 0.20-a0-1122-gb7cbeb9 (webtiles) character file.

263 MatthieuS the Ruffian (level 5, -1/53 HPs)
             Began as a Troll Transmuter on May 11, 2017.
             Slain by Grinder (4 damage)
             ... on level 3 of the Dungeon.
             The game lasted 00:05:26 (1900 turns).

MatthieuS the Ruffian (Troll Transmuter)            Turns: 1900, Time: 00:05:28

Health: -1/53      AC:  5    Str: 23    XL:     5   Next: 98%
Magic:  5/5        EV: 10    Int: 10    God:
Gold:   149        SH:  0    Dex: 10    Spells: 5/6 levels left

rFire    . . .     SeeInvis .     - Unarmed
rCold    . . .     Gourm    +   (no shield)
rNeg     . . .     Faith    .   b - +0 robe
rPois    .         Spirit   .   (helmet restricted)
rElec    .         Reflect  .   (no cloak)
rCorr    .         Harm     .   (gloves unavailable)
MR       .....                  (boots unavailable)
Stlth    +.........             (no amulet)
Regen    0.6/turn               (no ring)
MPRegen  0.1/turn               (no ring)

@: mighty
A: unfitting armour, claws 3, fast metabolism 3, gourmand, regeneration 1,
shaggy fur 1, tough skin 2
a: no special abilities


You were on level 3 of the Dungeon.
You were completely stuffed.

You visited 1 branch of the dungeon, and saw 3 of its levels.

You collected 149 gold pieces.

Inventory:

Hand Weapons
 u - a +0 blowgun
Missiles
 a - 76 arrows
 v - 4 poisoned needles
Armour
 b - a +0 robe (worn)
Scrolls
 e - 10 scrolls of identify {unknown}
 g - a scroll of amnesia {unknown}
 i - 3 scrolls of remove curse {unknown}
 j - a scroll of enchant weapon {unknown}
 k - 2 scrolls of recharging {unknown}
 p - 2 scrolls of teleportation {unknown}
 s - a scroll of blinking {unknown}
Potions
 l - 2 potions of curing
 m - a potion of haste {unknown}
 o - a potion of lignification {unknown}
 t - a potion of invisibility {unknown}
Books
 c - a book of Changes

   Spells                             Type                      Level
   a - Beastly Appendage              Transmutation                1
   b - Sticks to Snakes               Transmutation                2
   c - Spider Form                    Transmutation/Poison         3
   d - Ice Form                       Ice/Transmutation            4
   e - Blade Hands                    Transmutation                5
Comestibles
 d - 6 bread rations
 h - 2 meat rations
 n - 4 fruits
 q - a chunk of flesh
 r - a royal jelly


   Skills:
 + Level 3.0 Fighting
 - Level 1.5 Dodging
 * Level 5.6 Unarmed Combat
 - Level 1.2 Spellcasting
 - Level 1.3 Transmutations


You had 5 spell levels left.
You knew the following spells:

 Your Spells              Type           Power        Failure   Level  Hunger
a - Beastly Appendage     Tmut           #.....       19%         1    ##.....


Dungeon Overview and Level Annotations

Branches:
Dungeon (3/15)

Altars:
Nemelex Xobeh

Annotations:
D:3 Grinder


Innate Abilities, Weirdness & Mutations

You are too large for most types of armour.
You have claws for hands.
Your metabolism is lightning-fast.
You like to eat raw meat.
Your natural rate of healing is unusually fast.
You are covered in fur. (AC +1)
You have very tough skin. (AC +2)


Message History

* * * LOW HITPOINT WARNING * * *
You closely miss Grinder.
Grinder is heavily wounded.
Grinder hits you.
* * * LOW HITPOINT WARNING * * *
You writhe in agony.
* * * LOW HITPOINT WARNING * * *
The hobgoblin barely misses you.
It was a potion of curing.
You feel better. Grinder gestures at you. Pain shoots through your body!
* * * LOW HITPOINT WARNING * * *
It was a potion of might.
You feel very mighty all of a sudden. The hobgoblin hits you with a club.
* * * LOW HITPOINT WARNING * * *
Grinder hits you.
* * * LOW HITPOINT WARNING * * *
You writhe in agony.
You die...

# .. ... (...
(.(..####################
......†g.................
....((.5@................
#########################
##############
#.......[.....
#.............
#.............
#.............


You could see Grinder and a hobgoblin.

Vanquished Creatures
  The ghost of w0kki the Magician, an amateur DsWn of Yredelemnul (D:3)
  An adder (D:3)
  5 gnolls
  An ooze (D:3)
  A worm (D:2)
  2 dart slugs (D:1)
  5 leopard geckos
  3 orcs (D:3)
  6 ball pythons
  5 bats
  A giant cockroach (D:2)
  8 goblins
  6 hobgoblins
  2 jackals (D:2)
  4 quokkas (D:2)
  3 frilled lizards
  5 kobolds
  4 rats
63 creatures vanquished.

Notes
Turn   | Place    | Note
-------+----------+-------------------------------------------
     0 | D:1      | MatthieuS the Troll Transmuter began the quest for the Orb.
     0 | D:1      | Reached XP level 1. HP: 18/18 MP: 1/1
    69 | D:1      | Reached skill level 1 in Fighting
   123 | D:1      | Found a sparkling altar of Nemelex Xobeh.
   140 | D:1      | Reached XP level 2. HP: 24/27 MP: 2/2
   462 | D:1      | Reached XP level 3. HP: 35/35 MP: 3/3
  1044 | D:2      | Reached skill level 4 in Unarmed Combat
  1408 | D:3      | Reached XP level 4. HP: 35/42 MP: 4/4
  1849 | D:3      | Reached XP level 5. HP: 48/50 MP: 5/5
  1871 | D:3      | Noticed w0kki's ghost (amateur DsWn)
  1877 | D:3      | Noticed Grinder
  1891 | D:3      | Killed w0kki's ghost
  1891 | D:3      | Reached skill level 5 in Unarmed Combat
  1898 | D:3      | HP: 2/53 [Grinder (3)]
  1900 | D:3      | Slain by Grinder

Vault maps used:
D:1:      scummos_arrival_simple_crosswalls, serial_glass, glass_columns_b,
          glass_columns_a, glass_columns_c, glass_columns_a,
          nemelex_diamond_rough_becter
D:2:      first_bread, serial_bayou_lagoon_a
D:3:      kennysheep_generic_room_6, uniq_grinder

Skill      XL: |  1  2  3  4  5 |
---------------+----------------+-----
Fighting       | 1 2 3 |  3.0
Unarmed Combat | 4 5 |  5.6
Dodging        | |  1.5
Spellcasting   | |  1.2
Transmutations | |  1.3

Action                   |  1- 3 |  4- 6 || total
-------------------------+-------+-------++-------
Melee: Unarmed           |   112 |    65 ||   177
       Punch             |     1 |     1 ||     2
 Fire: Blowgun           |       |     5 ||     5
  Use: Potion            |       |     2 ||     2
 Stab: Sleeping          |     2 |       ||     2
  Eat: Chunk             |    18 |     5 ||    23
Armor: Robe              |    46 |    23 ||    69
Dodge: Dodged            |    52 |    40 ||    92
